 Dungeon Crawl Stone Soup version 0.30-a0-341-g682706514a (webtiles) character file.

Game seed: 2644579565973947471

303 NinjaNoafa the Cutter (level 6, 0/47 HPs)
             Began as a Merfolk Gladiator on Nov 4, 2022.
             Splashed by a jelly's acid (9 damage)
             ... on level 4 of the Dungeon.
             The game lasted 00:04:56 (2547 turns).

NinjaNoafa the Cutter (Merfolk Gladiator)           Turns: 2547, Time: 00:04:57

Health: 0/47       AC: -8    Str: 14    XL:     6   Next: 38%
Magic:  6/6        EV: 14    Int:  8    God:
Gold:   167        SH:  0    Dex: 17    Spells: 5/5 levels left

rFire   . . .      SeeInvis .    a - +0 rapier
rCold   . . .      Faith    .    r - orb {mayhem}
rNeg    . . .      Spirit   .    b - +0 leather armour
rPois   .          Reflect  .    c - +0 helmet
rElec   .          Harm     .    (no cloak)
rCorr   .          Rampage  .    (no gloves)
Will    .....                    (no boots)
Stlth   +.........               (no amulet)
HPRegen 0.27/turn                (no ring)
MPRegen 0.10/turn                (no ring)

@: corroded
A: (nimble swimmer 2), mertail
a: no special abilities


You were on level 4 of the Dungeon.
You visited 1 branch of the dungeon, and saw 4 of its levels.

You collected 167 gold pieces.

Inventory:

Hand Weapons
 a - a +0 rapier (weapon)
Missiles
 d - a throwing net (quivered)
 i - 15 stones
Armour
 b - a +0 leather armour (worn)
 c - a +0 helmet (worn)
 r - an orb of mayhem (worn)
Scrolls
 f - a scroll of amnesia {unknown}
 g - 4 scrolls of identify {unknown}
 k - 2 scrolls of summoning {unknown}
 n - a scroll of butterflies {unknown}
 s - a scroll of teleportation {unknown}
 t - a scroll of blinking {unknown}
Potions
 e - a potion of curing {unknown}
 h - a potion of lignification
 j - 2 potions of magic {unknown}
 l - a potion of heal wounds {unknown}
 m - a potion of might {unknown}
 o - a potion of haste
 p - 2 potions of mutation {unknown}
 q - a potion of resistance {unknown}


   Skills:
 - Level 3.0 Fighting
 - Level 7.0 Short Blades
 - Level 2.0 Throwing
 + Level 5.9 Dodging


You had 5 spell levels left.
You didn't know any spells.
Your spell library contained the following spells:

 Spells                   Type           Power      Damage    Failure   Level
 Apportation              Tloc           0%         N/A       50%         1
 Sting                    Tmut/Pois      0%         1d3       50%         1
 Poisonous Vapours        Pois/Air       0%         N/A       63%         2
 Scorch                   Fire           0%         2d5       63%         2
 Flame Wave               Conj/Fire      0%         2d4       99%         4
 Olgreb's Toxic Radiance  Pois           0%         N/A       99%         4
 Alistair's Intoxication  Tmut/Pois      0%         N/A       100%        5
 Summon Cactus Giant      Summ           0%         N/A       100%        6


Dungeon Overview and Level Annotations

Branches:
Dungeon (4/15)
 Temple: D:4-7

Altars:


Innate Abilities, Weirdness & Mutations

((You are very nimble when in or above water. (Stealth+, EV+, Speed+++)))
Your lower body shifts to a powerful aquatic tail in water.


Message History

The quokka is moderately wounded.
The quokka bites you.
You hit the quokka.
You kill the quokka!
s - a scroll labelled SOCLYL ZOVU You now have 167 gold pieces (gained 6).
You pick up a book of Party Tricks and begin reading...
You add the spells Apportation and Alistair's Intoxication to your library.
Found a stone staircase leading down.
t - a scroll labelled DOSEKEKH NUJES
There is a stone staircase leading down here.
A jelly comes into view.
The jelly quivers.
You see here 4 stones.
Okay, then.
The jelly misses you.
You hit the jelly but do no damage.
Your hands burn!
The jelly completely misses you.
You hit the jelly.
Your hands burn!
The jelly is lightly wounded.
You hit the jelly. The acid corrodes you!
Your hands burn!
The jelly is heavily wounded.
The jelly closely misses you.
You hit the jelly.
Your hands burn!
The jelly is severely wounded.
The jelly barely misses you.
You hit the jelly but do no damage. The acid corrodes you!
Your hands burn!
The jelly is severely wounded.
The jelly barely misses you.
You hit the jelly. The acid corrodes you!
Your hands burn!
The jelly is almost dead.
The jelly jiggles.
The jelly hits you. The acid corrodes you!
You are splashed with acid!
You hit the jelly.
Your hands burn!
* * * LOW HITPOINT WARNING * * *
The jelly is almost dead.
The jelly hits you.
* * * LOW HITPOINT WARNING * * *
You are splashed with acid!
You die...

........................#
###########.###..######
#..#...# ##...#.. ###>#
#(# #.# #.# #@# #J# #.#
#.# #.. ###


You could see a jelly.

Vanquished Creatures
  A black bear (D:4)
  A scorpion (D:4)
  A hound (D:3)
  Terence (D:2)
  5 adders
  2 dart slugs (D:1)
  7 bats
  4 endoplasms
  A giant cockroach (D:1)
  2 goblins (D:1)
  10 hobgoblins
  4 jackals (D:2)
  3 quokkas
  5 ball pythons
  4 frilled lizards
  5 kobolds
  2 rats (D:1)
58 creatures vanquished.

Vanquished Creatures (others)
  2 plants (D:2)
2 creatures vanquished.

Grand Total: 60 creatures vanquished

Notes
Turn   | Place    | Note
-------+----------+-------------------------------------------
     0 | D:1      | NinjaNoafa the Merfolk Gladiator began the quest for the
                  | Orb.
     0 | D:1      | Reached XP level 1. HP: 16/16 MP: 1/1
   109 | D:1      | Reached skill level 4 in Short Blades
   177 | D:1      | Reached XP level 2. HP: 18/22 MP: 2/2
   517 | D:1      | Reached skill level 5 in Short Blades
   517 | D:1      | Reached XP level 3. HP: 26/27 MP: 3/3
   990 | D:2      | Noticed Terence
  1010 | D:2      | Reached skill level 5 in Dodging
  1010 | D:2      | Reached XP level 4. HP: 33/34 MP: 4/4
  1030 | D:2      | Killed Terence
  1550 | D:2      | Found a faded altar of an unknown god.
  1754 | D:3      | Noticed a scorpion
  1958 | D:3      | Reached skill level 6 in Short Blades
  1958 | D:3      | Reached XP level 5. HP: 30/41 MP: 5/5
  2157 | D:4      | Noticed a black bear
  2177 | D:4      | Killed a black bear
  2178 | D:4      | Reached skill level 7 in Short Blades
  2178 | D:4      | Reached XP level 6. HP: 47/47 MP: 6/6
  2547 | D:4      | Splashed by a jelly's acid

Illustrated notes

Levels and vault maps discovered:
D:1:      dpeg_arrival_oval, layout_basic, hangedman_decor_growths
D:2:      layout_loops_ring, shapermc_ecumenical_altar_gd, uniq_terence
D:3:      kennysheep_the_goblin_king, layout_loops_ring, general_overflow_altar
D:4:      cheibrodos_greedy_goblins, layout_basic

Skill      XL: |  1  2  3  4  5 |
---------------+----------------+-----
Short Blades   | 4 5 6 7 |  7.0
Dodging        | 5 |  5.9
Fighting       | 3 |  3.0
Throwing       | |  2.0

Action                   |  1- 3 |  4- 6 || total
-------------------------+-------+-------++-------
Melee: Rapier            |    89 |   150 ||   239
       Punch             |     1 |     1 ||     2
Throw: Javelin           |    10 |     3 ||    13
       Throwing net      |       |     2 ||     2
  Use: Potion            |     2 |     1 ||     3
 Stab: Held in net/web   |       |     2 ||     2
       Sleeping          |       |     2 ||     2
Armor: Leather armour    |    27 |    30 ||    57
       Skin              |       |    15 ||    15
Dodge: Dodged            |    76 |   120 ||   196

Table legend: (Time is in decaauts)
 A = Elapsed time spent in this place.
 B = Non-inter-level travel time spent in this place.
 C = Inter-level travel time spent in this place.
 D = Time resting spent in this place.
 E = Time spent auto-exploring this place.
 F = Levels seen in this place.
 G = Mean time per level.
                   A        B        C        D        E       F      G
               +--------+--------+--------+--------+--------+-----+--------+
         Total |   2518 |   2432 |     86 |     90 |   1770 |   4 |  629.5 |
       Dungeon |   2518 |   2432 |     86 |     90 |   1770 |   4 |  629.5 |
               +--------+--------+--------+--------+--------+-----+--------+

Top non-repeatable levels by time:
     D:2: 902 daAuts
     D:1: 887 daAuts
     D:4: 479 daAuts
     D:3: 248 daAuts
